 Dungeon Crawl Stone Soup version 0.28.0-43-g3370ac3207 (webtiles) character file.

Game seed: 5081686367891020654

20386 raph the Impaler (level 12, 0/97 HPs)
             Began as a Merfolk Gladiator on Mar 9, 2022.
             Was a Believer of Ignis.
             Slain by a 14-headed hydra (8 damage)
             ... on level 1 of the Lair of Beasts.
             The game lasted 00:29:32 (11799 turns).

raph the Impaler (Merfolk Gladiator)               Turns: 11799, Time: 00:29:33

Health: 0/97       AC: 25    Str: 14    XL:     12   Next: 78%
Magic:  12/12      EV: 18    Int:  8    God:    Ignis [**....]
Gold:   518        SH:  0    Dex: 20    Spells: 11/11 levels left

rFire   + . .      SeeInvis .   b - +1 trident (flame)
rCold   . . .      Faith    .   (no shield)
rNeg    . . .      Spirit   .   j - +2 swamp dragon scales
rPois   +          Reflect  .   l - +1 helmet
rElec   .          Harm     .   L - +2 cloak {Stlth+}
rCorr   .          Rampage  .   n - +1 pair of gloves
Will    +....                   y - +1 pair of boots
Stlth   ++++......              g - amulet of regeneration
HPRegen 1.06/turn               i - +4 ring of protection
MPRegen 0.13/turn               O - ring of willpower

@: about to teleport
A: (nimble swimmer 2), mertail
a: Renounce Religion, Fiery Armour, Foxfire Swarm, Rising Flame


You were on level 1 of the Lair of Beasts.
You worshipped Ignis.
Ignis was pleased with you.
You visited 3 branches of the dungeon, and saw 13 of its levels.

You collected 923 gold pieces.
You spent 405 gold pieces at shops.

Inventory:

Hand Weapons
 a - a +2 glaive
 b - a +1 trident of flaming (weapon)
 C - a +1 halberd
Missiles
 d - 7 throwing nets
 w - 2 silver boomerangs
 x - 21 poisoned darts (quivered)
 Q - a curare-tipped dart
Armour
 c - a +0 helmet
 j - +2 swamp dragon scales (worn)
 l - a +1 helmet (worn)
 n - a +1 pair of gloves (worn)
 o - a +1 cloak
 t - a +0 chain mail of fire resistance
 y - a +1 pair of boots (worn)
 A - a +0 leather armour
 L - a +2 cloak of stealth (worn)
Jewellery
 g - an amulet of regeneration (around neck)
 i - a +4 ring of protection (left hand)
 k - a ring of fire
 p - a ring of ice
 v - a ring of wizardry
 D - a ring of flight
 K - a ring of positive energy
 O - a ring of willpower (right hand)
 U - a ring of positive energy
Wands
 q - a wand of flame (30)
 s - a wand of paralysis (9)
 u - a wand of mindburst (10)
 z - a wand of acid (3)
 J - a wand of iceblast (14)
 N - a wand of polymorph (8)
Scrolls
 r - 3 scrolls of teleportation
 B - 3 scrolls of identify
 E - a scroll of fear
 P - a scroll of magic mapping
 T - a scroll of amnesia {unknown}
Potions
 e - 4 potions of attraction
 f - 8 potions of curing
 h - 3 potions of brilliance
 m - a potion of mutation
 F - a potion of heal wounds
 G - 2 potions of lignification
 H - 3 potions of berserk rage
 I - a potion of might
 M - a potion of haste
 R - a potion of flight {unknown}
Miscellaneous
 S - a phial of floods


   Skills:
 + Level 10.2 Fighting
 * Level 16.5 Polearms
 + Level 6.6 Throwing
 + Level 7.0 Armour
 + Level 12.5 Dodging
 + Level 7.3 Stealth
 + Level 3.7 Evocations


You had 11 spell levels left.
You didn't know any spells.
Your spell library contained the following spells:

 Spells                   Type           Power      Damage    Failure   Level
 Animate Skeleton         Necr           0%         N/A       63%         1
 Apportation              Tloc           0%         N/A       63%         1
 Summon Small Mammal      Summ           0%         N/A       63%         1
 Airstrike                Air            0%         N/A       100%        4
 Summon Lightning Spire   Summ/Air       0%         N/A       100%        4
 Lightning Bolt           Conj/Air       0%         1d11      100%        5


Dungeon Overview and Level Annotations

Branches:
Dungeon (11/15)            Temple (0/1) D:4            Lair (1/6) D:11
    Orc (1/2) D:10

Altars:
Ashenzari
Cheibriados
Elyvilon
Fedhas
Hepliaklqana
Nemelex Xobeh
Qazlal
Trog
Xom
Yredelemnul
Zin
The Shining One
Ignis

Shops:
D:7 **   D:9 !   D:10 :

Annotations:
D:8 3 runed translucent doors, JackAllcraft's ghost, novice DjIE


Innate Abilities, Weirdness & Mutations

((You are very nimble when in or above water. (Stealth+, EV+, Speed+++)))
Your lower body shifts to a powerful aquatic tail in water.


Message History

The basilisk looks frightened!
The 14-headed hydra misses you. The 14-headed hydra closely misses you.
The 14-headed hydra bites you but does no damage.
The 14-headed hydra closely misses you.
The 14-headed hydra bites you but does no damage. x2
The 14-headed hydra completely misses you.
The 14-headed hydra closely misses you. The 14-headed hydra misses you.
The 14-headed hydra bites you but does no damage.
The 14-headed hydra closely misses you. The 14-headed hydra misses you.
The 14-headed hydra bites you.
* * * LOW HITPOINT WARNING * * *
The 14-headed hydra bites you but does no damage.
Okay, then.
Okay, then.
You feel much better. The 14-headed hydra misses you.
The 14-headed hydra closely misses you.
The 14-headed hydra bites you but does no damage. x2
The 14-headed hydra bites you!
* * * LOW HITPOINT WARNING * * *
The 14-headed hydra barely misses you.
The 14-headed hydra bites you but does no damage. x3
The 14-headed hydra barely misses you.
The 14-headed hydra bites you but does no damage.
The 14-headed hydra barely misses you.
The 14-headed hydra bites you but does no damage.
The 14-headed hydra closely misses you.
As you read the scroll of teleportation, it crumbles to dust.
You feel strangely unstable. The 14-headed hydra bites you.
* * * LOW HITPOINT WARNING * * *
The 14-headed hydra bites you.
* * * LOW HITPOINT WARNING * * *
The 14-headed hydra completely misses you.
The 14-headed hydra bites you but does no damage. x3
The 14-headed hydra bites you.
* * * LOW HITPOINT WARNING * * *
The 14-headed hydra barely misses you. The 14-headed hydra bites you.
* * * LOW HITPOINT WARNING * * *
The 14-headed hydra bites you but does no damage.
The 14-headed hydra closely misses you. The 14-headed hydra bites you!
You die...

#..... #...[.. #
###.....##......
..#####...#.....(..... .
........##....#.#... ..
..............^.... ...
#........♣.≈.≈.... ....
#...#...♣≈≈≈♣≈P... .....
##......P♣≈..P♣≈♣..
......##D@....♣♣≈.....≈≈..
..l..........≈♣♣PPPP...≈≈P
#......###..♣≈P...P..P..≈≈
###.... ##...≈PP.P^..P...♣
#..## #....≈.......PPPP♣
### ##...≈.....P(...♣≈
##.≈≈≈....P.P..≈♣
#..≈♣≈.......P≈≈
#...P≈≈PP..P♣♣♣.


You could see a 14-headed hydra and a basilisk (fleeing).

Vanquished Creatures
  2 hydras (D:11)
  Harold (D:9)
  4 two-headed ogres
  2 tengu warriors (D:10)
  Pikel (D:5)
  A cyclops (D:6)
  5 elephants
  Maurice (D:9)
  A black mamba (Lair:1)
  A cane toad (Lair:1)
  Maggie (D:8)
  2 unseen horrors (D:11)
  A komodo dragon (D:11)
  2 trolls
  Prince Ribbit (D:5)
  3 hornets
  Grinder (D:3)
  A vampire (D:9)
  A shadow (D:10)
  2 wyverns
  A basilisk (D:11)
  A water elemental (D:11)
  17 yaks
  Edmund (D:5)
  5 water moccasins
  3 sky beasts
  2 black bears
  3 orc warriors
  2 necrophages (D:6)
  4 wolves
  2 ogres (D:6)
  4 centaurs
  A phantom (D:6)
  3 kobold brigands
  5 bullfrogs
  2 gnoll sergeants
  Blork the orc (D:6)
  3 scorpions
  A wyvern skeleton (D:7)
  3 electric eels
  3 wights (D:10)
  3 howler monkeys
  A bullfrog zombie (D:6)
  4 centaur zombies
  3 hounds
  3 jellies
  4 orc priests
  Crazy Yiuf (D:2)
  A scorpion zombie (D:5)
  3 iguanas
  3 orc wizards
  A hound skeleton (D:4)
  Robin (D:3)
  15 gnolls
  6 adders
  2 howler monkey skeletons
  An ufetubus (D:4)
  5 worms
  2 dart slugs
  31 orcs
  6 bats
  4 endoplasms
  A giant cockroach (D:2)
  16 goblins
  4 hobgoblins
  3 jackals (D:2)
  3 quokkas
  6 ball pythons
  4 frilled lizards
  A jackal skeleton (D:2)
  12 kobolds
  2 rats
253 creatures vanquished.

Vanquished Creatures (others)
  36 foxfires
  2 fungi (Lair:1)
  3 plants (Lair:1)
41 creatures vanquished.

Grand Total: 294 creatures vanquished

Notes
Turn   | Place    | Note
-------+----------+-------------------------------------------
     0 | D:1      | raph the Merfolk Gladiator began the quest for the Orb.
     0 | D:1      | Reached XP level 1. HP: 16/16 MP: 1/1
   221 | D:1      | Reached skill level 5 in Polearms
   264 | D:1      | Reached XP level 2. HP: 15/22 MP: 2/2
   704 | D:2      | Found a faded altar of an unknown god.
   737 | D:2      | Prayed at the altar of an unknown god.
   737 | D:2      | Became a worshipper of Ignis, the Dying Flame
  1056 | D:2      | Reached skill level 6 in Polearms
  1056 | D:2      | Reached XP level 3. HP: 27/27 MP: 3/3
  1108 | D:2      | Found a shimmering altar of Xom.
  1188 | D:2      | Reached skill level 5 in Fighting
  1188 | D:2      | Reached skill level 9 in Polearms
  1188 | D:2      | Reached skill level 5 in Stealth
  1188 | D:2      | Reached XP level 4. HP: 39/39 MP: 4/4
  1189 | D:2      | Reached skill level 11 in Polearms
  1189 | D:2      | Reached XP level 5. HP: 48/48 MP: 5/5
  1226 | D:2      | Found a runed translucent door.
  1227 | D:2      | Noticed Crazy Yiuf
  1524 | D:2      | Killed Crazy Yiuf
  1672 | D:3      | Reached XP level 6. HP: 55/55 MP: 6/6
  1674 | D:3      | Found a glowing silver altar of Zin.
  1793 | D:3      | Noticed Robin
  1825 | D:3      | Killed Robin
  1829 | D:3      | Noticed Grinder
  1853 | D:3      | Paralysed by Grinder for 7 turns
  1854 | D:3      | Killed Grinder
  1855 | D:3      | Reached XP level 7. HP: 46/60 MP: 7/7
  2013 | D:3      | Found a bloodstained altar of Trog.
  2229 | D:4      | Reached skill level 12 in Polearms
  2440 | D:4      | You fall into a shaft and drop 1 floor!
  2440 | D:5      | Entered Level 5 of the Dungeon
  2582 | D:4      | Found a sparkling altar of Nemelex Xobeh.
  2655 | D:4      | Noticed Pikel
  2840 | D:5      | Found a basalt altar of Yredelemnul.
  2854 | D:5      | Noticed Prince Ribbit
  2872 | D:5      | Reached XP level 8. HP: 55/67 MP: 8/8
  2882 | D:5      | Killed Prince Ribbit
  2940 | D:5      | Noticed Edmund
  2968 | D:5      | Killed Edmund
  2969 | D:5      | Reached skill level 13 in Polearms
  3038 | D:5      | Found a blossoming altar of Fedhas.
  3385 | D:5      | Killed Pikel
  3386 | D:5      | Reached skill level 14 in Polearms
  3386 | D:5      | Reached XP level 9. HP: 70/72 MP: 9/9
  3476 | D:6      | Found a snail-covered altar of Cheibriados.
  3476 | D:6      | Noticed Blork the orc
  3528 | D:6      | Killed Blork the orc
  3529 | D:6      | Reached skill level 5 in Armour
  4285 | D:6      | Noticed a cyclops
  4333 | D:6      | Reached skill level 10 in Dodging
  4341 | D:6      | Killed a cyclops
  4494 | D:7      | Reached XP level 10. HP: 80/80 MP: 10/10
  4608 | D:7      | Found a hazy altar of Hepliaklqana.
  5198 | D:7      | Found Avvac's General Store.
  5200 | D:7      | Found Geiqutis's Specific Store.
  5206 | D:7      | Bought a scroll of enchant weapon for 90 gold pieces
  5206 | D:7      | Bought a +0 glaive for 78 gold pieces
  5447 | D:7      | Bought a +1 pair of boots for 138 gold pieces
  5484 | D:8      | Noticed Maggie
  5493 | D:8      | Killed Maggie
  5732 | D:8      | Found a runed translucent gate.
  5733 | D:8      | Found a runed translucent gate.
  5741 | D:8      | Found a runed translucent gate.
  5875 | D:8      | Found a white marble altar of Elyvilon.
  6131 | D:8      | Noticed JackAllcraft's ghost (novice DjIE)
  6141 | D:8      | Found a glowing golden altar of the Shining One.
  6432 | D:9      | Noticed Harold
  6449 | D:9      | Killed Harold
  6782 | D:9      | Noticed a two-headed ogre
  6794 | D:9      | Killed a two-headed ogre
  6824 | D:9      | Found Vyptooc's Distillery.
  6838 | D:9      | Bought a potion of berserk rage for 55 gold pieces
  6838 | D:9      | Bought a potion of might for 44 gold pieces
  6964 | D:9      | Reached XP level 11. HP: 82/87 MP: 11/11
  6980 | D:9      | Paralysed by a hornet for 3 turns
  7008 | D:9      | Reached skill level 5 in Throwing
  7306 | D:9      | Noticed Maurice
  7311 | D:9      | Killed Maurice
  7621 | D:10     | Entered Level 10 of the Dungeon
  7795 | D:10     | Noticed a two-headed ogre
  7809 | D:10     | Killed a two-headed ogre
  7810 | D:10     | Reached skill level 1 in Evocations
  7920 | D:10     | Found Netu Cerr's Book Shoppe.
  7975 | D:10     | Found a stormy altar of Qazlal.
  8045 | D:10     | Reached skill level 15 in Polearms
  8068 | D:10     | Paralysed by a hornet for 1 turns
  8272 | D:10     | Noticed a tengu warrior
  8273 | D:10     | Noticed a tengu warrior
  8283 | D:10     | Killed a tengu warrior
  8301 | D:10     | Killed a tengu warrior
  8511 | D:10     | Found a staircase to the Orcish Mines.
  8512 | D:10     | Noticed a two-headed ogre
  8533 | D:10     | Killed a two-headed ogre
  8754 | D:11     | Found a staircase to the Lair.
  9001 | Orc:1    | Entered Level 1 of the Orcish Mines
  9254 | D:4      | Found a broken altar of Ashenzari.
  9305 | D:4      | Found a staircase to the Ecumenical Temple.
  9759 | D:11     | Reached XP level 12. HP: 97/97 MP: 12/12
  9895 | D:11     | Noticed a two-headed ogre
  9899 | D:11     | Killed a two-headed ogre
 10623 | D:11     | Noticed a six-headed hydra
 10636 | D:11     | Killed a six-headed hydra
 10797 | D:11     | Reached skill level 10 in Fighting
 11149 | Lair:1   | Entered Level 1 of the Lair of Beasts
 11156 | Lair:1   | Reached skill level 16 in Polearms
 11415 | Lair:1   | Noticed a seven-headed hydra
 11466 | D:11     | Killed a seven-headed hydra
 11780 | Lair:1   | Noticed an eight-headed hydra
 11799 | Lair:1   | Slain by a 14-headed hydra

Illustrated notes

Levels and vault maps discovered:
D:1:      sevenhm_arrival_forest_fort_small_3, layout_loops_ring,
          lemuel_old_faithful
D:2:      layout_rooms, hellmonk_ecumenical_altar_zigzags, basic_altar,
          grunt_ministairs_3, minmay_fractal_squares_gapless_5,
          uniq_crazy_yiuf_cottage
D:3:      layout_rooms, zin_statuary, mainiacjoe_overflow_small_starburst,
          uniq_grinder, uniq_robin
D:4:      layout_cave_pools, cheibrodos_ashenzari_chains,
          mainiacjoe_overflow_24_doors, minmay_temple_entry_junction,
          grunt_ministairs_2, amcnicky_mini_pool_small, minivault_1, uniq_pikel
D:5:      layout_cave_pools, amcnicky_altar_gilded, lemuel_doored_altar,
          minmay_misc_feat_encased, uniq_prince_ribbit1, uniq_edmund
D:6:      minmay_chambers_of_fours, layout_loops_cross, cheibriados_altar_1,
          uniq_blork_the_orc
D:7:      layout_cave_pods, nicolae_hepliaklqana_hazy_memory,
          nicolae_specific_store
D:8:      layout_gridville, lemuel_round_altar, tso_oasis_becter,
          gammafunk_ghost_icy, chequers_jeans, uniq_maggie
D:9:      layout_basic, serial_shops, shop_coins, uniq_harold, uniq_maurice
D:10:     layout_stronghold, grunt_qazlal_clouds, orc_0_dummy, serial_shops,
          kennysheep_mini_moat
D:11:     kennysheep_ambush_hall, layout_gridville, erik_lair_island
Lair:1:   layout_misc_corridors, nicolae_lair_grazing_beasts
          [nicolae_sub_lair_graze_edge, nicolae_sub_lair_graze_edge,
          nicolae_sub_lair_graze_edge, nicolae_sub_lair_graze_edge],
          infiniplex_staircase_pool
Orc:1:    layout_diamond_mine, nicolae_orc_lost_temple

Skill      XL: |  1  2  3  4  5  6  7  8  9 10 11 12 |
---------------+-------------------------------------+-----
Polearms       | 5 6 9 11 12 14 15 16 | 16.5
Fighting       | 5 7 8 9 10 | 10.2
Armour         | 3 4 5 6 7 |  7.0
Dodging        | 7 9 10 11 12 | 12.5
Stealth        | 5 6 7 |  7.3
Throwing       | 3 4 5 6 |  6.6
Evocations     | 2 3 |  3.7

Action                   |  1- 3 |  4- 6 |  7- 9 | 10-12 || total
-------------------------+-------+-------+-------+-------++-------
Melee: Trident           |    62 |    93 |   218 |    18 ||   391
       Punch             |       |     1 |     1 |       ||     2
       Halberd           |       |       |    69 |    42 ||   111
       Glaive            |       |       |       |   571 ||   571
       Tailslap          |       |       |       |     6 ||     6
Throw: Dart              |       |       |    10 |    27 ||    37
Invok: Fiery Armour      |       |     1 |     1 |     1 ||     3
       Foxfire Swarm     |       |       |     1 |     2 ||     3
Evoke: Wand              |       |       |     1 |     4 ||     5
  Use: Scroll            |     6 |     4 |     7 |    11 ||    28
       Potion            |     1 |     1 |     2 |     2 ||     6
 Stab: Sleeping          |     3 |     5 |     1 |     9 ||    18
Armor: Leather armour    |    12 |    14 |     7 |       ||    33
       Chain mail        |       |       |    85 |    19 ||   104
       Swamp dragon scal |       |       |       |   410 ||   410
Dodge: Dodged            |    34 |    26 |    94 |   579 ||   733
